Flames vs Ducks

Created - June 8, 2021 at 16:59

Goals
1 2 3 T
Flames 2 1 0 3
Ducks 0 3 1 4
Shots
1 2 3 T
Flames 15 10 9 34
Ducks 7 13 10 30

GoalsPenalties
1st period
1. Flames , Dylan Larkin 2 (Erik Karlsson 1, Taylor Hall 1) at 2:14 (PP)
2. Flames , Dylan Larkin 3 (Tom Wilson 2) at 8:09
Jake Muzzin (ANH) for Charging (Minor) at 1:30
David Perron (CGY) for High sticking (Minor) at 4:20
Travis Dermott (CGY) for Boarding (Minor) at 8:47
Jacob de La Rose (ANH) for Holding (Minor) at 11:24
Brayden Schenn (ANH) for Slashing (Double Minor) at 19:04
2nd period
3. Flames , Andre Burakovsky 2 (David Perron 1, Bo Horvat 1) at 1:31 (PP)
4. Ducks , Zach Hyman 4 (Jake Muzzin 4, Nazem Kadri 3) at 5:13
5. Ducks , Artemi Panarin 2 (Johnny Gaudreau 1, Madison Bowey 1) at 6:55
6. Ducks , Jacob de La Rose 1 (Jordan Staal 2, Morgan Rielly 4) at 14:21
Taylor Hall (CGY) for Cross-checking (Minor) at 16:21
3rd period
7. Ducks , Nazem Kadri 1 (Jake Muzzin 5, Jake Guentzel 3) at 7:06
Zdeno Chara (CGY) for Hooking (Minor) at 0:37
Erik Karlsson (CGY) for High sticking (Minor) at 8:38
Goalie Stats
Alex Stalock (CGY), 26 saves from 30 shots - (0.867), L, 0-1-0, 58:36 minutes
Tristan Jarry (ANH), 31 saves from 34 shots - (0.912), W, 3-1-0, 60:00 minutes
3 StarsOfficial
1 - Nazem Kadri (ANH)
2 - Jake Muzzin (ANH)
3 - Zach Hyman (ANH)
Referees : Dave Lewis and Gord Dwyer
Linesman : Tony Sericolo and Andy McElman
Game Note
No Game Note
Finance
Level 1 -- Attendance: 5953 (99.22%) -- Ticket Income $845,326
Level 2 -- Attendance: 5000 (100.00%) -- Ticket Income $545,000
Level 3 -- Attendance: 4000 (100.00%) -- Ticket Income $356,000
Level 4 -- Attendance: 2981 (99.37%) -- Ticket Income $169,917
Luxury Box -- Attendance: 1000 (100.00%) -- Ticket Income $243,000
Game was played at the Honda Center.
Total Attendance: 18934 (99.65%)
Total Ticket Income: $2,159,243
Total Income: $2,159,243



Team Name Goals Shots Shots Attemp Shots Blocked PIM HIT PP PK FO%
Flames 33467910192 / 4 (50%)052%
Ducks 43059128190 / 5 (0%)248%

Flames
Player Name POS G A P +/- PIM HIT SHT SB MP PP MP PP SHT PK MP PK SHT FO% FOT
Adam LowryC0000020011:280:0005:30053% 17
Andre BurakovskyLW/RW101-2004020:292:2313:3900% 2
Anthony BeauvillierC/LW000001107:560:0000:04050% 2
Bo HorvatC011-1025019:012:2310:00050% 30
Brent SeabrookD000-2012222:491:4916:0000% 0
Bryan LittleC/RW000000106:300:0000:0000% 0
David PerronLW/RW011-1221019:002:2300:0000% 0
Devon ToewsD0000011017:093:2110:5500% 0
Dylan LarkinC202-2004018:302:4721:16059% 27
Erik KarlssonD011-2205123:473:2123:5100% 0
Jonathon MerrillD000-1021019:060:0003:4000% 0
Kevin LabancLW/RW000000005:580:0000:0000% 1
Matthew NietoLW/RW0000001113:220:0005:30050% 2
Phillip DanaultC000000307:520:0000:00064% 11
Taylor HallLW011-1222019:242:4700:00050% 2
Tom WilsonRW011-2042120:332:4703:5100% 3
Travis DermottD0000221114:411:4900:3200% 0
Zdeno CharaD000-1200322:250:0004:5200% 0
Ducks
Player Name POS G A P +/- PIM HIT SHT SB MP PP MP PP SHT PK MP PK SHT FO% FOT
Alec MartinezD0002020219:460:0002:3400% 0
Alex SteenC/LW/RW0001002016:070:0803:0000% 0
Artemi PanarinLW1010017017:245:2000:000100% 1
Brayden SchennC/LW/RW0000443017:235:2000:00045% 31
Jacob de La RoseC/LW1011212014:250:0001:20033% 3
Jake GuentzelLW/RW0112011116:244:3500:000100% 1
Jake MuzzinD0222261022:413:5512:2600% 0
Johnny GaudreauLW/RW0110003018:045:2000:0000% 2
Jordan KyrouC/RW000000007:160:0000:0000% 0
Jordan StaalC0111023015:240:0802:10043% 21
Josh MorrisseyD0001001223:516:0000:0800% 0
Luke SchennD0000000313:290:0002:3600% 0
Madison BoweyD0110000114:353:5500:0000% 0
Matthew PecaC/LW/RW000000017:160:0000:0000% 1
Morgan RiellyD0111000125:376:0002:3600% 0
Nazem KadriC/LW1122015016:564:2700:00064% 22
Travis ZajacC0000011110:160:0003:00054% 13
Zach HymanLW/RW1012001017:534:2700:5000% 2

Flames

5 vs 5 Forward
Line #Left WingCenterRight WingPHYDFOFWanted %Time %Time Play
1Taylor HallBo HorvatDavid Perron0323837%16:31
2Andre BurakovskyDylan LarkinTom Wilson1313731%13:55
3Anthony BeauvillierPhillip DanaultMatthew Nieto1221518%7:52
4Kevin LabancAdam LowryBryan Little0231013%5:58
5 vs 5 Defense
Line #DefenseDefensePHYDFOFWanted %Time %Time Play
1Erik KarlssonBrent Seabrook0414034%15:00
2Jonathon MerrillZdeno Chara0414034%14:52
3Travis DermottDevon Toews0501028%12:21
4Zdeno CharaErik Karlsson122105%2:03
Power Play Forward
Line #Left WingCenterRight WingPHYDFOFWanted %Time %Time Play
1Andre BurakovskyBo HorvatDavid Perron0057046%2:23
2Taylor HallDylan LarkinTom Wilson0053054%2:47
Power Play Defense
Line #DefenseDefensePHYDFOFWanted %Time %Time Play
1Devon ToewsErik Karlsson0058265%3:21
2Brent SeabrookTravis Dermott0051835%1:49
Penalty Kill 4 Players Forward
Line #CenterWingPHYDFOFWanted %Time %Time Play
1Adam LowryMatthew Nieto05080100%9:55
2Phillip DanaultTom Wilson050200%0:00
Penalty Kill 4 Players Defense
Line #DefenseDefensePHYDFOFWanted %Time %Time Play
1Brent SeabrookZdeno Chara0507063%6:15
2Erik KarlssonJonathon Merrill0503037%3:40
Penalty Kill 3 Players
Line #WingPHYDFOFWanted %Time %Time PlayDefenseDefensePHYDFOFWanted %Time %Time Play
1Adam Lowry050840%0:00 Zdeno CharaBrent Seabrook050690%0:00
2Phillip Danault050160%0:00 Jonathon MerrillErik Karlsson050310%0:00
4 vs 4 Forward
Line #CenterWingPHYDFOFWanted %Time %Time Play
1Bo HorvatTaylor Hall122600%0:00
2Dylan LarkinAndre Burakovsky122400%0:00
4 vs 4 Defense
Line #DefensePHYDFOFWanted %Time %Time Play
1Zdeno CharaErik Karlsson122600%0:00
2Brent SeabrookDevon Toews122400%0:00
Last Minutes Offensive
Left WingCenterRight WingDefenseDefense
Taylor HallBo HorvatDavid PerronZdeno CharaErik Karlsson
Last Minutes Defensive
Left WingCenterRight WingDefenseDefense
Adam LowryPhillip DanaultMatthew NietoZdeno CharaBrent Seabrook
Time
Total ForwardTotal DefenseLast Minutes OffensiveLast Minutes Defensive
60:00 60:00 0:390:00
Extra Forwards
Normal PowerPlayPenalty Kill
Dylan Larkin, Bo Horvat, Taylor HallTom Wilson, Bo HorvatTom Wilson
Extra Defensemen
Normal PowerPlayPenalty Kill
Zdeno Chara, Erik Karlsson, Brent SeabrookDevon Toews, Erik KarlssonZdeno Chara
Penalty Shots
Anthony Beauvillier, Dylan Larkin, Kevin Labanc, David Perron, Devon Toews
Goalie
Alex Stalock, Ben Bishop
Custom OT Lines Forwards
Bo Horvat, Andre Burakovsky, Dylan Larkin, Tom Wilson, Taylor Hall, Phillip Danault, Anthony Beauvillier, Kevin Labanc, Adam Lowry, Matthew Nieto
Custom OT Lines Defensemen
Erik Karlsson, Zdeno Chara, Brent Seabrook, Devon Toews, Jonathon Merrill
Scratches
Jaccob Slavin (Left Hip Injury), Brady Skjei (Suspend), Matt Tennyson (Healthy)

Ducks

5 vs 5 Forward
Line #Left WingCenterRight WingPHYDFOFWanted %Time %Time Play
1Zach HymanNazem KadriJake Guentzel1223027%11:49
2Alex SteenJordan StaalJacob de La Rose1313029%12:59
3Artemi PanarinBrayden SchennJohnny Gaudreau0143027%12:04
4Matthew PecaTravis ZajacJordan Kyrou1311016%7:16
5 vs 5 Defense
Line #DefenseDefensePHYDFOFWanted %Time %Time Play
1Josh MorrisseyMorgan Rielly0323839%17:03
2Alec MartinezJake Muzzin2212830%13:17
3Luke SchennMadison Bowey0322223%10:00
4Alec MartinezJake Muzzin122129%3:48
Power Play Forward
Line #Left WingCenterRight WingPHYDFOFWanted %Time %Time Play
1Artemi PanarinBrayden SchennJohnny Gaudreau0055054%5:20
2Zach HymanNazem KadriJake Guentzel0055046%4:35
Power Play Defense
Line #DefenseDefensePHYDFOFWanted %Time %Time Play
1Morgan RiellyJosh Morrissey0145061%6:00
2Madison BoweyJake Muzzin0145039%3:55
Penalty Kill 4 Players Forward
Line #CenterWingPHYDFOFWanted %Time %Time Play
1Travis ZajacAlex Steen0415058%3:00
2Jordan StaalJacob de La Rose0415042%2:10
Penalty Kill 4 Players Defense
Line #DefenseDefensePHYDFOFWanted %Time %Time Play
1Morgan RiellyLuke Schenn0505050%2:36
2Alec MartinezJake Muzzin0505050%2:34
Penalty Kill 3 Players
Line #WingPHYDFOFWanted %Time %Time PlayDefenseDefensePHYDFOFWanted %Time %Time Play
1Travis Zajac050500%0:00 Alec MartinezJake Muzzin050700%0:00
2Jordan Staal050500%0:00 Luke SchennMorgan Rielly050300%0:00
4 vs 4 Forward
Line #CenterWingPHYDFOFWanted %Time %Time Play
1Brayden SchennArtemi Panarin023600%0:00
2Nazem KadriJake Guentzel023400%0:00
4 vs 4 Defense
Line #DefensePHYDFOFWanted %Time %Time Play
1Morgan RiellyJosh Morrissey032500%0:00
2Alec MartinezJake Muzzin032500%0:00
Last Minutes Offensive
Left WingCenterRight WingDefenseDefense
Artemi PanarinNazem KadriJake GuentzelMorgan RiellyJosh Morrissey
Last Minutes Defensive
Left WingCenterRight WingDefenseDefense
Jacob de La RoseJordan StaalZach HymanJake MuzzinAlec Martinez
Time
Total ForwardTotal DefenseLast Minutes OffensiveLast Minutes Defensive
60:00 60:00 0:000:47
Extra Forwards
Normal PowerPlayPenalty Kill
Johnny Gaudreau, Nazem Kadri, Brayden SchennJohnny Gaudreau, Artemi PanarinZach Hyman
Extra Defensemen
Normal PowerPlayPenalty Kill
Josh Morrissey, Morgan Rielly, Jake MuzzinJosh Morrissey, Josh MorrisseyMorgan Rielly
Penalty Shots
Artemi Panarin, Alex Steen, Jake Guentzel, Johnny Gaudreau, Nazem Kadri
Goalie
Tristan Jarry, Ryan Miller
Custom OT Lines Forwards
Artemi Panarin, Johnny Gaudreau, Jake Guentzel, Brayden Schenn, Nazem Kadri, Zach Hyman, Jordan Staal, Alex Steen, Travis Zajac, Jordan Kyrou
Custom OT Lines Defensemen
Morgan Rielly, Josh Morrissey, Jake Muzzin, Alec Martinez, Madison Bowey
Scratches
Charlie McAvoy (Left Foot Injury), Nathan Gerbe (Healthy), Kenny Agostino (Healthy)


Play-by-Play

1st period


0:01 of 1st period - Bo Horvat wins face-off versus Nazem Kadri in neutral zone.
0:43 of 1st period - David Perron is hit by Nazem Kadri and loses puck.
0:56 of 1st period - Icing by Jacob de La Rose.
0:57 of 1st period - Dylan Larkin wins face-off versus Jordan Staal in Ducks zone.
1:11 of 1st period - Andre Burakovsky is hit by Jake Muzzin and loses puck.
1:16 of 1st period - Shot by Andre Burakovsky.
1:16 of 1st period - Shot Blocked by Alec Martinez.
1:21 of 1st period - Andre Burakovsky is hit by Jake Muzzin and loses puck.
1:30 of 1st period - Shot by Andre Burakovsky.
1:30 of 1st period - Stopped by Tristan Jarry without a rebound.
1:30 of 1st period - Minor Penalty to Jake Muzzin for Charging.
1:31 of 1st period - Travis Zajac wins face-off versus Bo Horvat in Ducks zone.
1:44 of 1st period - Shot by Bo Horvat.
1:44 of 1st period - Stopped by Tristan Jarry without a rebound.
1:45 of 1st period - Dylan Larkin wins face-off versus Travis Zajac in Ducks zone.
1:48 of 1st period - Shot by Tom Wilson.
1:48 of 1st period - Shot Blocked by Josh Morrissey.
2:14 of 1st period - Shot by Dylan Larkin.
2:14 of 1st period - Goal by Dylan Larkin - Flames : 1 - Ducks : 0.
2:15 of 1st period - Phillip Danault wins face-off versus Brayden Schenn in neutral zone.
2:15 of 1st period - Phillip Danault is hit by Artemi Panarin.
2:48 of 1st period - Phillip Danault is hit by Alec Martinez and loses puck.
2:51 of 1st period - Shot by Phillip Danault.
2:51 of 1st period - Deflect By Anthony Beauvillier.
2:51 of 1st period - Stopped by Tristan Jarry without a rebound.
2:52 of 1st period - Adam Lowry wins face-off versus Travis Zajac in Ducks zone.
3:54 of 1st period - Shot by Alex Steen.
3:54 of 1st period - Deflect By Jacob de La Rose.
3:54 of 1st period - Stopped by Alex Stalock without a rebound.
3:55 of 1st period - Brayden Schenn wins face-off versus Dylan Larkin in Flames zone.
4:09 of 1st period - Andre Burakovsky is hit by Jake Muzzin and loses puck.
4:16 of 1st period - Shot by Andre Burakovsky.
4:16 of 1st period - Stopped by Tristan Jarry without a rebound.
4:17 of 1st period - Nazem Kadri wins face-off versus Bo Horvat in Ducks zone.
4:17 of 1st period - Nazem Kadri is hit by Taylor Hall.
4:20 of 1st period - Minor Penalty to David Perron for High sticking.
4:21 of 1st period - Nazem Kadri wins face-off versus Adam Lowry in Flames zone.
4:24 of 1st period - Shot by Zach Hyman.
4:24 of 1st period - Shot Misses the Net.
4:26 of 1st period - Shot by Nazem Kadri.
4:26 of 1st period - Deflect By Jake Guentzel.
4:26 of 1st period - Shot Misses the Net.
4:28 of 1st period - Shot by Morgan Rielly.
4:28 of 1st period - Shot Blocked by Zdeno Chara.
4:30 of 1st period - Shot by Nazem Kadri.
4:30 of 1st period - Shot Blocked by Zdeno Chara.
5:07 of 1st period - Icing by Morgan Rielly.
5:08 of 1st period - Nazem Kadri wins face-off versus Tom Wilson in Ducks zone.
5:08 of 1st period - Nazem Kadri is hit by Tom Wilson.
6:26 of 1st period - Shot by Taylor Hall.
6:26 of 1st period - Shot Misses the Net.
6:34 of 1st period - Shot by Bo Horvat.
6:34 of 1st period - Stopped by Tristan Jarry without a rebound.
6:35 of 1st period - Travis Zajac wins face-off versus Bo Horvat in Ducks zone.
6:46 of 1st period - Shot by Bo Horvat.
6:46 of 1st period - Stopped by Tristan Jarry without a rebound.
6:47 of 1st period - Jordan Staal wins face-off versus Matthew Nieto in Ducks zone.
7:08 of 1st period - Shot by Jake Muzzin.
7:08 of 1st period - Shot Misses the Net.
7:11 of 1st period - Icing by Jonathon Merrill.
7:12 of 1st period - Nazem Kadri wins face-off versus Phillip Danault in Flames zone.
7:29 of 1st period - Shot by Nazem Kadri.
7:29 of 1st period - Stopped by Alex Stalock without a rebound.
7:30 of 1st period - Dylan Larkin wins face-off versus Brayden Schenn in Flames zone.
8:09 of 1st period - Shot by Dylan Larkin.
8:09 of 1st period - Goal by Dylan Larkin - Flames : 2 - Ducks : 0.
8:10 of 1st period - Nazem Kadri wins face-off versus Bo Horvat in neutral zone.
8:25 of 1st period - Shot by Bo Horvat.
8:25 of 1st period - Stopped by Tristan Jarry without a rebound.
8:26 of 1st period - Jordan Staal wins face-off versus Kevin Labanc in Ducks zone.
8:26 of 1st period - Alex Steen is hit by Adam Lowry and loses puck.
8:47 of 1st period - Minor Penalty to Travis Dermott for Boarding.
8:48 of 1st period - Brayden Schenn wins face-off versus Adam Lowry in Flames zone.
8:51 of 1st period - Shot by Artemi Panarin.
8:51 of 1st period - Shot Misses the Net.
9:04 of 1st period - Icing by Brayden Schenn.
9:05 of 1st period - Adam Lowry wins face-off versus Brayden Schenn in Ducks zone.
10:21 of 1st period - Shot by Nazem Kadri.
10:21 of 1st period - Shot Misses the Net.
11:12 of 1st period - Jordan Staal is hit by Devon Toews and loses puck.
11:24 of 1st period - Minor Penalty to Jacob de La Rose for Holding.
11:25 of 1st period - Taylor Hall wins face-off versus Travis Zajac in Ducks zone.
11:26 of 1st period - Shot by Erik Karlsson.
11:26 of 1st period - Stopped by Tristan Jarry without a rebound.
11:27 of 1st period - Travis Zajac wins face-off versus Tom Wilson in Ducks zone.
11:46 of 1st period - Shot by Dylan Larkin.
11:46 of 1st period - Stopped by Tristan Jarry without a rebound.
11:47 of 1st period - Bo Horvat wins face-off versus Travis Zajac in Ducks zone.
12:46 of 1st period - Travis Zajac is hit by David Perron and loses puck.
13:47 of 1st period - Shot by Artemi Panarin.
13:47 of 1st period - Shot Misses the Net.
13:49 of 1st period - Shot by Josh Morrissey.
13:49 of 1st period - Stopped by Alex Stalock with a rebound.
14:03 of 1st period - Shot by Artemi Panarin.
14:03 of 1st period - Stopped by Alex Stalock with a rebound.
14:05 of 1st period - Shot by Brayden Schenn.
14:05 of 1st period - Stopped by Alex Stalock without a rebound.
14:06 of 1st period - Nazem Kadri wins face-off versus Adam Lowry in Flames zone.
15:11 of 1st period - Shot by Matthew Peca.
15:11 of 1st period - Shot Blocked by Zdeno Chara.
15:17 of 1st period - Shot by Bo Horvat.
15:17 of 1st period - Stopped by Tristan Jarry with a rebound.
15:19 of 1st period - Shot by Bo Horvat.
15:19 of 1st period - Shot Misses the Net.
15:21 of 1st period - Shot by David Perron.
15:21 of 1st period - Shot Blocked by Matthew Peca.
16:03 of 1st period - Shot by Dylan Larkin.
16:03 of 1st period - Shot Misses the Net.
16:05 of 1st period - Shot by Travis Dermott.
16:05 of 1st period - Stopped by Tristan Jarry with a rebound.
16:07 of 1st period - Shot by Tom Wilson.
16:07 of 1st period - Stopped by Tristan Jarry without a rebound.
16:08 of 1st period - Brayden Schenn wins face-off versus Phillip Danault in Ducks zone.
16:13 of 1st period - Shot by Artemi Panarin.
16:13 of 1st period - Stopped by Alex Stalock without a rebound.
16:14 of 1st period - Phillip Danault wins face-off versus Zach Hyman in Flames zone.
16:28 of 1st period - Shot by Nazem Kadri.
16:28 of 1st period - Stopped by Alex Stalock without a rebound.
16:29 of 1st period - Brayden Schenn wins face-off versus Dylan Larkin in Flames zone.
17:25 of 1st period - Off-side.
17:26 of 1st period - Phillip Danault wins face-off versus Nazem Kadri in neutral zone.
17:31 of 1st period - Shot by Matthew Nieto.
17:31 of 1st period - Stopped by Tristan Jarry without a rebound.
17:32 of 1st period - Bo Horvat wins face-off versus Jordan Staal in Ducks zone.
17:45 of 1st period - Jordan Staal is hit by Bo Horvat and loses puck.
17:52 of 1st period - Erik Karlsson is hit by Jacob de La Rose and loses puck.
18:40 of 1st period - Madison Bowey is hit by Tom Wilson and loses puck.
19:02 of 1st period - Icing by Zdeno Chara.
19:03 of 1st period - Dylan Larkin wins face-off versus Brayden Schenn in Flames zone.
19:03 of 1st period - Dylan Larkin is hit by Brayden Schenn.
19:04 of 1st period - Double Minor Penalty to Brayden Schenn for Slashing.
19:05 of 1st period - Dylan Larkin wins face-off versus Travis Zajac in Ducks zone.
19:44 of 1st period - Tom Wilson is hit by Travis Zajac and loses puck.
Goals for this period are 2 for Flames vs 0 for Ducks.
Shots for this period are 15 for Flames vs 7 for Ducks.

2nd period


0:01 of 2nd period - Jordan Staal wins face-off versus Bo Horvat in neutral zone.
0:19 of 2nd period - Shot by Devon Toews.
0:19 of 2nd period - Stopped by Tristan Jarry without a rebound.
0:20 of 2nd period - Dylan Larkin wins face-off versus Travis Zajac in Ducks zone.
0:53 of 2nd period - Shot by Erik Karlsson.
0:53 of 2nd period - Stopped by Tristan Jarry without a rebound.
0:54 of 2nd period - Bo Horvat wins face-off versus Jacob de La Rose in Ducks zone.
1:01 of 2nd period - Shot by Andre Burakovsky.
1:01 of 2nd period - Shot Blocked by Luke Schenn.
1:03 of 2nd period - Shot by Brent Seabrook.
1:03 of 2nd period - Shot Blocked by Luke Schenn.
1:05 of 2nd period - Shot by Brent Seabrook.
1:05 of 2nd period - Stopped by Tristan Jarry without a rebound.
1:06 of 2nd period - Bo Horvat wins face-off versus Jordan Staal in Ducks zone.
1:07 of 2nd period - Shot by David Perron.
1:07 of 2nd period - Shot Misses the Net.
1:31 of 2nd period - Shot by Andre Burakovsky.
1:31 of 2nd period - Goal by Andre Burakovsky - Flames : 3 - Ducks : 0.
1:32 of 2nd period - Phillip Danault wins face-off versus Brayden Schenn in neutral zone.
3:25 of 2nd period - Off-side.
3:26 of 2nd period - Travis Zajac wins face-off versus Bo Horvat in neutral zone.
3:26 of 2nd period - Josh Morrissey is hit by Taylor Hall.
3:42 of 2nd period - Shot by Taylor Hall.
3:42 of 2nd period - Shot Misses the Net.
3:57 of 2nd period - Icing by Travis Dermott.
3:58 of 2nd period - Bo Horvat wins face-off versus Jordan Staal in Flames zone.
3:58 of 2nd period - Bo Horvat is hit by Jordan Staal.
4:25 of 2nd period - Icing by Madison Bowey.
4:26 of 2nd period - Jacob de La Rose wins face-off versus Dylan Larkin in Ducks zone.
4:31 of 2nd period - Shot by Andre Burakovsky.
4:31 of 2nd period - Shot Blocked by Madison Bowey.
4:40 of 2nd period - Off-side.
4:41 of 2nd period - Artemi Panarin wins face-off versus Adam Lowry in neutral zone.
5:07 of 2nd period - Shot by Johnny Gaudreau.
5:07 of 2nd period - Stopped by Alex Stalock without a rebound.
5:08 of 2nd period - Nazem Kadri wins face-off versus Andre Burakovsky in Flames zone.
5:13 of 2nd period - Shot by Zach Hyman.
5:13 of 2nd period - Goal by Zach Hyman - Flames : 3 - Ducks : 1.
5:14 of 2nd period - Nazem Kadri wins face-off versus Dylan Larkin in neutral zone.
5:16 of 2nd period - Off-side.
5:17 of 2nd period - Dylan Larkin wins face-off versus Nazem Kadri in neutral zone.
5:35 of 2nd period - Shot by Tom Wilson.
5:35 of 2nd period - Stopped by Tristan Jarry without a rebound.
5:36 of 2nd period - Jordan Staal wins face-off versus Bo Horvat in Ducks zone.
5:51 of 2nd period - Taylor Hall is hit by Jake Muzzin and loses puck.
6:09 of 2nd period - Alex Steen is hit by David Perron and loses puck.
6:27 of 2nd period - Icing by Taylor Hall.
6:28 of 2nd period - Bo Horvat wins face-off versus Nazem Kadri in Flames zone.
6:43 of 2nd period - Icing by Erik Karlsson.
6:44 of 2nd period - Brayden Schenn wins face-off versus Dylan Larkin in Flames zone.
6:47 of 2nd period - Shot by Artemi Panarin.
6:47 of 2nd period - Shot Blocked by Brent Seabrook.
6:55 of 2nd period - Shot by Artemi Panarin.
6:55 of 2nd period - Goal by Artemi Panarin - Flames : 3 - Ducks : 2.
6:56 of 2nd period - Phillip Danault wins face-off versus Nazem Kadri in neutral zone.
7:19 of 2nd period - Shot by Nazem Kadri.
7:19 of 2nd period - Shot Misses the Net.
7:31 of 2nd period - Shot by Zach Hyman.
7:31 of 2nd period - Deflect By Jake Guentzel.
7:31 of 2nd period - Shot Hit the Post.
9:14 of 2nd period - Icing by Devon Toews.
9:15 of 2nd period - Nazem Kadri wins face-off versus Bo Horvat in Flames zone.
9:20 of 2nd period - Shot by Nazem Kadri.
9:20 of 2nd period - Stopped by Alex Stalock without a rebound.
9:21 of 2nd period - Jake Guentzel wins face-off versus Bo Horvat in Flames zone.
9:28 of 2nd period - Shot by Bo Horvat.
9:28 of 2nd period - Shot Misses the Net.
9:30 of 2nd period - Shot by Taylor Hall.
9:30 of 2nd period - Shot Misses the Net.
9:33 of 2nd period - Icing by Morgan Rielly.
9:34 of 2nd period - Adam Lowry wins face-off versus Nazem Kadri in Ducks zone.
10:27 of 2nd period - Artemi Panarin is hit by Travis Dermott and loses puck.
10:33 of 2nd period - Off-side.
10:34 of 2nd period - Bo Horvat wins face-off versus Jordan Staal in neutral zone.
10:55 of 2nd period - Shot by Bo Horvat.
10:55 of 2nd period - Shot Misses the Net.
10:57 of 2nd period - Shot by Brent Seabrook.
10:57 of 2nd period - Stopped by Tristan Jarry without a rebound.
10:58 of 2nd period - Dylan Larkin wins face-off versus Brayden Schenn in Ducks zone.
11:15 of 2nd period - Shot by Brayden Schenn.
11:15 of 2nd period - Stopped by Alex Stalock without a rebound.
11:16 of 2nd period - Nazem Kadri wins face-off versus Bo Horvat in Flames zone.
11:25 of 2nd period - Shot by Jake Guentzel.
11:25 of 2nd period - Shot Hit the Post.
11:43 of 2nd period - Shot by David Perron.
11:43 of 2nd period - Shot Blocked by Josh Morrissey.
11:45 of 2nd period - Shot by Erik Karlsson.
11:45 of 2nd period - Stopped by Tristan Jarry with a rebound.
11:47 of 2nd period - Shot by Erik Karlsson.
11:47 of 2nd period - Stopped by Tristan Jarry without a rebound.
11:48 of 2nd period - Brayden Schenn wins face-off versus Andre Burakovsky in Ducks zone.
11:48 of 2nd period - Brayden Schenn is hit by Tom Wilson.
11:51 of 2nd period - Icing by Jake Muzzin.
11:52 of 2nd period - Brayden Schenn wins face-off versus Dylan Larkin in Ducks zone.
11:57 of 2nd period - Tom Wilson is hit by Brayden Schenn and loses puck.
12:04 of 2nd period - Shot by Johnny Gaudreau.
12:04 of 2nd period - Stopped by Alex Stalock with a rebound.
12:06 of 2nd period - Shot by Alec Martinez.
12:06 of 2nd period - Shot Misses the Net.
12:23 of 2nd period - Shot by Artemi Panarin.
12:23 of 2nd period - Stopped by Alex Stalock without a rebound.
12:24 of 2nd period - Bo Horvat wins face-off versus Jordan Staal in Flames zone.
12:24 of 2nd period - Bo Horvat is hit by Jordan Staal.
12:27 of 2nd period - Icing by Taylor Hall.
12:28 of 2nd period - Bo Horvat wins face-off versus Jordan Staal in Flames zone.
12:56 of 2nd period - Icing by Erik Karlsson.
12:57 of 2nd period - Bo Horvat wins face-off versus Brayden Schenn in Flames zone.
13:05 of 2nd period - Off-side.
13:06 of 2nd period - Dylan Larkin wins face-off versus Nazem Kadri in neutral zone.
13:06 of 2nd period - Jonathon Merrill is hit by Jake Guentzel and loses puck.
13:31 of 2nd period - Shot by Andre Burakovsky.
13:31 of 2nd period - Shot Blocked by Jake Guentzel.
13:46 of 2nd period - Dylan Larkin is hit by Jake Muzzin and loses puck.
14:11 of 2nd period - Shot by Jordan Staal.
14:11 of 2nd period - Shot Blocked by Brent Seabrook.
14:14 of 2nd period - Jacob de La Rose is hit by Brent Seabrook and loses puck.
14:19 of 2nd period - Shot by Jordan Staal.
14:19 of 2nd period - Shot Misses the Net.
14:21 of 2nd period - Shot by Jacob de La Rose.
14:21 of 2nd period - Goal by Jacob de La Rose - Flames : 3 - Ducks : 3.
14:22 of 2nd period - Phillip Danault wins face-off versus Brayden Schenn in neutral zone.
14:28 of 2nd period - Shot by Matthew Nieto.
14:28 of 2nd period - Shot Blocked by Luke Schenn.
14:30 of 2nd period - Shot by Matthew Nieto.
14:30 of 2nd period - Deflect By Anthony Beauvillier.
14:30 of 2nd period - Shot Misses the Net.
14:32 of 2nd period - Shot by Phillip Danault.
14:32 of 2nd period - Stopped by Tristan Jarry without a rebound.
14:33 of 2nd period - Travis Zajac wins face-off versus Adam Lowry in Ducks zone.
14:56 of 2nd period - Shot by Travis Zajac.
14:56 of 2nd period - Stopped by Alex Stalock with a rebound.
15:19 of 2nd period - Icing by Devon Toews.
15:20 of 2nd period - Adam Lowry wins face-off versus Jordan Staal in Flames zone.
15:34 of 2nd period - Icing by Alec Martinez.
15:35 of 2nd period - Jordan Staal wins face-off versus Dylan Larkin in Ducks zone.
15:42 of 2nd period - Shot by Jordan Staal.
15:42 of 2nd period - Stopped by Alex Stalock without a rebound.
15:43 of 2nd period - Dylan Larkin wins face-off versus Brayden Schenn in Flames zone.
15:50 of 2nd period - Shot by Artemi Panarin.
15:50 of 2nd period - Stopped by Alex Stalock with a rebound.
16:00 of 2nd period - Shot by Artemi Panarin.
16:00 of 2nd period - Deflect By Brayden Schenn.
16:00 of 2nd period - Shot Blocked by Erik Karlsson.
16:02 of 2nd period - Shot by Johnny Gaudreau.
16:02 of 2nd period - Stopped by Alex Stalock without a rebound.
16:03 of 2nd period - Jordan Staal wins face-off versus Bo Horvat in Flames zone.
16:04 of 2nd period - Shot by Alex Steen.
16:04 of 2nd period - Shot Misses the Net.
16:16 of 2nd period - Shot by Bo Horvat.
16:16 of 2nd period - Shot Blocked by Alec Martinez.
16:18 of 2nd period - Shot by Taylor Hall.
16:18 of 2nd period - Shot Misses the Net.
16:21 of 2nd period - Minor Penalty to Taylor Hall for Cross-checking.
16:22 of 2nd period - Adam Lowry wins face-off versus Nazem Kadri in Flames zone.
18:57 of 2nd period - Shot by Taylor Hall.
18:57 of 2nd period - Shot Misses the Net.
18:59 of 2nd period - Shot by Taylor Hall.
18:59 of 2nd period - Stopped by Tristan Jarry without a rebound.
19:00 of 2nd period - Jordan Staal wins face-off versus Adam Lowry in Ducks zone.
19:19 of 2nd period - Shot by Alex Steen.
19:19 of 2nd period - Stopped by Alex Stalock without a rebound.
19:20 of 2nd period - Dylan Larkin wins face-off versus Brayden Schenn in Flames zone.
19:32 of 2nd period - Jonathon Merrill is hit by Brayden Schenn and loses puck.
Goals for this period are 1 for Flames vs 3 for Ducks.
Shots for this period are 10 for Flames vs 13 for Ducks.

3rd period


0:01 of 3rd period - Brayden Schenn wins face-off versus Dylan Larkin in neutral zone.
0:22 of 3rd period - Off-side.
0:23 of 3rd period - Jordan Staal wins face-off versus Bo Horvat in neutral zone.
0:23 of 3rd period - Alex Steen is hit by Bo Horvat and loses puck.
0:29 of 3rd period - Alex Steen is hit by Jonathon Merrill and loses puck.
0:37 of 3rd period - Minor Penalty to Zdeno Chara for Hooking.
0:38 of 3rd period - Adam Lowry wins face-off versus Brayden Schenn in Flames zone.
0:44 of 3rd period - Icing by Josh Morrissey.
0:45 of 3rd period - Adam Lowry wins face-off versus Brayden Schenn in Ducks zone.
2:08 of 3rd period - Shot by Jake Guentzel.
2:08 of 3rd period - Shot Blocked by Tom Wilson.
2:10 of 3rd period - Shot by Madison Bowey.
2:10 of 3rd period - Shot Blocked by Travis Dermott.
2:12 of 3rd period - Shot by Jake Muzzin.
2:12 of 3rd period - Stopped by Alex Stalock without a rebound.
2:13 of 3rd period - Adam Lowry wins face-off versus Brayden Schenn in Flames zone.
2:50 of 3rd period - Shot by Jordan Staal.
2:50 of 3rd period - Stopped by Alex Stalock with a rebound.
3:44 of 3rd period - Shot by Bryan Little.
3:44 of 3rd period - Shot Misses the Net.
4:28 of 3rd period - Icing by Madison Bowey.
4:29 of 3rd period - Travis Zajac wins face-off versus Dylan Larkin in Ducks zone.
4:29 of 3rd period - Matthew Peca is hit by Tom Wilson and loses puck.
4:43 of 3rd period - Icing by Luke Schenn.
4:44 of 3rd period - Travis Zajac wins face-off versus Bo Horvat in Ducks zone.
5:30 of 3rd period - Off-side.
5:31 of 3rd period - Dylan Larkin wins face-off versus Brayden Schenn in neutral zone.
5:34 of 3rd period - Shot by Andre Burakovsky.
5:34 of 3rd period - Stopped by Tristan Jarry with a rebound.
5:55 of 3rd period - Icing by Jake Muzzin.
5:56 of 3rd period - Anthony Beauvillier wins face-off versus Brayden Schenn in Ducks zone.
5:57 of 3rd period - Shot by Phillip Danault.
5:57 of 3rd period - Stopped by Tristan Jarry without a rebound.
5:58 of 3rd period - Matthew Nieto wins face-off versus Jordan Staal in Ducks zone.
6:08 of 3rd period - Icing by Morgan Rielly.
6:09 of 3rd period - Dylan Larkin wins face-off versus Jordan Staal in Ducks zone.
6:18 of 3rd period - Shot by Dylan Larkin.
6:18 of 3rd period - Stopped by Tristan Jarry with a rebound.
7:06 of 3rd period - Shot by Nazem Kadri.
7:06 of 3rd period - Goal by Nazem Kadri - Flames : 3 - Ducks : 4.
7:07 of 3rd period - Bo Horvat wins face-off versus Johnny Gaudreau in neutral zone.
7:20 of 3rd period - Shot by Bo Horvat.
7:20 of 3rd period - Shot Misses the Net.
7:22 of 3rd period - Shot by David Perron.
7:22 of 3rd period - Stopped by Tristan Jarry without a rebound.
7:23 of 3rd period - Nazem Kadri wins face-off versus Phillip Danault in Ducks zone.
7:23 of 3rd period - Nazem Kadri is hit by Anthony Beauvillier.
7:34 of 3rd period - Nazem Kadri is hit by Travis Dermott and loses puck.
8:27 of 3rd period - Shot by Erik Karlsson.
8:27 of 3rd period - Stopped by Tristan Jarry with a rebound.
8:38 of 3rd period - Minor Penalty to Erik Karlsson for High sticking.
8:39 of 3rd period - Adam Lowry wins face-off versus Brayden Schenn in Flames zone.
9:07 of 3rd period - Icing by Josh Morrissey.
9:08 of 3rd period - Brayden Schenn wins face-off versus Adam Lowry in Ducks zone.
9:23 of 3rd period - Shot by Brayden Schenn.
9:23 of 3rd period - Shot Misses the Net.
10:09 of 3rd period - Icing by Madison Bowey.
10:10 of 3rd period - Nazem Kadri wins face-off versus Tom Wilson in Ducks zone.
10:47 of 3rd period - Shot by Jordan Staal.
10:47 of 3rd period - Shot Misses the Net.
10:51 of 3rd period - Shot by Jordan Staal.
10:51 of 3rd period - Stopped by Alex Stalock without a rebound.
10:52 of 3rd period - Dylan Larkin wins face-off versus Matthew Peca in Flames zone.
12:06 of 3rd period - Shot by Taylor Hall.
12:06 of 3rd period - Stopped by Tristan Jarry without a rebound.
12:07 of 3rd period - Phillip Danault wins face-off versus Johnny Gaudreau in Ducks zone.
12:17 of 3rd period - Icing by Madison Bowey.
12:18 of 3rd period - Brayden Schenn wins face-off versus Bo Horvat in Ducks zone.
12:43 of 3rd period - Shot by Artemi Panarin.
12:43 of 3rd period - Shot Misses the Net.
12:53 of 3rd period - Shot by Brayden Schenn.
12:53 of 3rd period - Shot Misses the Net.
13:09 of 3rd period - Shot by Nazem Kadri.
13:09 of 3rd period - Shot Misses the Net.
14:02 of 3rd period - Shot by Dylan Larkin.
14:02 of 3rd period - Shot Misses the Net.
14:50 of 3rd period - Shot by Phillip Danault.
14:50 of 3rd period - Shot Misses the Net.
14:52 of 3rd period - Shot by Matthew Nieto.
14:52 of 3rd period - Shot Blocked by Travis Zajac.
15:14 of 3rd period - Shot by Anthony Beauvillier.
15:14 of 3rd period - Shot Misses the Net.
15:16 of 3rd period - Shot by Jonathon Merrill.
15:16 of 3rd period - Stopped by Tristan Jarry without a rebound.
15:17 of 3rd period - Brayden Schenn wins face-off versus Adam Lowry in Ducks zone.
15:17 of 3rd period - Brayden Schenn is hit by Adam Lowry.
15:34 of 3rd period - Off-side.
15:35 of 3rd period - Nazem Kadri wins face-off versus Dylan Larkin in neutral zone.
15:52 of 3rd period - Shot by Jake Guentzel.
15:52 of 3rd period - Stopped by Alex Stalock without a rebound.
15:53 of 3rd period - Brayden Schenn wins face-off versus Anthony Beauvillier in Flames zone.
16:12 of 3rd period - Shot by Matthew Nieto.
16:12 of 3rd period - Shot Blocked by Morgan Rielly.
16:14 of 3rd period - Shot by Phillip Danault.
16:14 of 3rd period - Stopped by Tristan Jarry without a rebound.
16:15 of 3rd period - Bo Horvat wins face-off versus Jordan Staal in Ducks zone.
16:23 of 3rd period - Bo Horvat is hit by Alec Martinez and loses puck.
16:43 of 3rd period - Shot by David Perron.
16:43 of 3rd period - Shot Misses the Net.
16:56 of 3rd period - Icing by Travis Dermott.
16:57 of 3rd period - Brayden Schenn wins face-off versus Bo Horvat in Flames zone.
17:10 of 3rd period - Shot by Artemi Panarin.
17:10 of 3rd period - Stopped by Alex Stalock without a rebound.
17:11 of 3rd period - Dylan Larkin wins face-off versus Zach Hyman in Flames zone.
17:13 of 3rd period - Icing by Tom Wilson.
17:14 of 3rd period - Brayden Schenn wins face-off versus Dylan Larkin in Flames zone.
17:22 of 3rd period - Artemi Panarin is hit by Jonathon Merrill and loses puck.
17:29 of 3rd period - Shot by Johnny Gaudreau.
17:29 of 3rd period - Deflect By Artemi Panarin.
17:29 of 3rd period - Stopped by Alex Stalock without a rebound.
17:30 of 3rd period - Nazem Kadri wins face-off versus Phillip Danault in Flames zone.
17:41 of 3rd period - Shot by Zach Hyman.
17:41 of 3rd period - Shot Blocked by Matthew Nieto.
17:55 of 3rd period - Shot by Jake Guentzel.
17:55 of 3rd period - Shot Misses the Net.
17:57 of 3rd period - Shot by Zach Hyman.
17:57 of 3rd period - Shot Misses the Net.
17:59 of 3rd period - Shot by Jake Muzzin.
17:59 of 3rd period - Shot Misses the Net.
18:01 of 3rd period - Shot by Nazem Kadri.
18:01 of 3rd period - Stopped by Alex Stalock without a rebound.
18:02 of 3rd period - Dylan Larkin wins face-off versus Brayden Schenn in Flames zone.
18:02 of 3rd period - Dylan Larkin is hit by Brayden Schenn.
18:26 of 3rd period - Shot by Brayden Schenn.
18:26 of 3rd period - Stopped by Alex Stalock without a rebound.
18:27 of 3rd period - Jordan Staal wins face-off versus Taylor Hall in Flames zone.
18:28 of 3rd period - Shot by Alex Steen.
18:28 of 3rd period - Stopped by Alex Stalock without a rebound.
18:29 of 3rd period - Bo Horvat wins face-off versus Jordan Staal in Flames zone.
18:36 of 3rd period - Flames, Alex Stalock is pulled from the net.
18:55 of 3rd period - Taylor Hall is hit by Jake Muzzin and loses puck.
19:30 of 3rd period - Shot by Dylan Larkin.
19:30 of 3rd period - Shot Misses the Net.
19:48 of 3rd period - Shot by Andre Burakovsky.
19:48 of 3rd period - Shot Misses the Net.
19:50 of 3rd period - Shot by Zdeno Chara.
19:50 of 3rd period - Shot Misses the Net.
19:52 of 3rd period - Shot by Bryan Little.
19:52 of 3rd period - Stopped by Tristan Jarry without a rebound.
19:53 of 3rd period - Bo Horvat wins face-off versus Jacob de La Rose in Ducks zone.
19:56 of 3rd period - Shot by Taylor Hall.
19:56 of 3rd period - Shot Misses the Net.
19:59 of 3rd period - Icing by Jake Muzzin.
Goals for this period are 0 for Flames vs 1 for Ducks.
Shots for this period are 9 for Flames vs 10 for Ducks.




Output by the SimonT Hockey Simulator (STHS) for Tyler Bell - Original Page W3C HTML5 Valid
Hockey Simulator - Hockey Simulation - Hockey Manager